[Event "3rd Tal Heraklion-IM 2022"]
[Site "Heraklion"]
[Date "2022.05.03"]
[Round "8.3"]
[White "Cmiel, Thorsten"]
[Black "Milonakis, Georgios"]
[Result "1/2-1/2"]
[ECO "C97"]
[WhiteElo "2079"]
[BlackElo "2215"]
[Annotator "TA"]
[PlyCount "164"]
[EventDate "2022.04.18"]
[EventType "tourn"]
[EventCountry "GRE"]
[SourceTitle "playchess.com"]
[Source "ChessBase"]
[SourceQuality "1"]
[TimeControl "40/5400+30:1800+30"]

1. e4 e5 2. Nf3 Nc6 3. Bb5 a6 4. Ba4 Nf6 5. O-O Be7 6. Re1 b5 7. Bb3 d6 8. c3 O-O 9. h3 Na5 10. Bc2 c5 11. d4 Qc7 12. d5 Bd7 13. b3 Nb7 14. c4 Rfe8 15. Nbd2 {[%emt 0:01:10][%cal Bb1d2,Bd2f1,Bf1g3][%mdl 32] C97: Closed Ruy Lopez: Chigorin Defence: 11 d4 Qc7, sidelines.} g6 16. Nf1 Nh5 17. Bh6 {[%emt 0:04:15] White is slightly better.} Nd8 {[%emt 0:05:53] [#]} 18. Qd2 $146 ({Predecessor:} 18. g4 Nf4 19. Bxf4 exf4 20. e5 Bf8 21. exd6 Qxd6 22. Rxe8 Bxe8 23. Qd3 Bg7 24. Re1 {½-½ (39) Lira,J (2000)-Silva,M (2201) ICCF email 2005}) 18... f6 19. g4 {[%emt 0:00:17] [#]} (19. Be3 $142) 19... Ng7 (19... g5 $1 $11 20. gxh5 Nf7) 20. Ng3 Nf7 21. Be3 Reb8 22. Bd3 bxc4 23. bxc4 Bd8 24. Reb1 Qa5 25. Qxa5 Bxa5 26. Rxb8+ Rxb8 27. Rb1 Rxb1+ 28. Bxb1 Kf8 29. Bc2 Ke7 30. Kg2 Bb4 31. Bc1 Nd8 32. Ng1 Ba5 33. Kf1 Nb7 34. N1e2 Kf7 35. f3 Ne8 36. Kf2 Nc7 37. Nf1 Na8 38. Ne3 Bd8 39. Kf1 Nb6 40. Bd2 h5 41. Bd3 hxg4 42. hxg4 Na4 43. Nc1 Ba5 44. Bxa5 Nxa5 45. Nb3 Nb7 46. Nd1 Kg7 47. Kf2 Kh6 48. Kg3 Kg5 49. Nd2 Nb6 50. Ne3 Na5 51. Nb3 Nxb3 52. axb3 $11 {[%emt 0:00:03][%mdl 4096] Endgame KBN-KBN} a5 53. Bc2 Nc8 54. Nd1 Ne7 55. Nc3 Kh6 56. Kh4 g5+ 57. Kg3 Kg7 58. Kf2 Kf8 59. Ke3 Ng6 60. Ne2 Ke7 61. Bd1 Kd8 62. Kd2 Kc7 63. Ng3 Nf4 (63... Kd8 $11) 64. Nh5 $16 Nxh5 $2 (64... Be8 $16) 65. gxh5 {[%emt 0:00:01] Strongly threatening h6. KB-KB} Be8 66. h6 $2 (66. f4 $1 $18 ) 66... Bg6 $14 67. Kc3 Kd8 {[%emt 0:00:55] Threatens to win with ...Ke7.} 68. Kb2 $1 Ke7 $2 {[%emt 0:00:42][%mdl 8192] [#]} (68... Kc7 $14) 69. Ka3 $1 $18 {[%emt 0:00:01] Ka4 is the strong threat.} Kf8 (69... Kd8 $142 70. Ka4 Bh7) 70. Ka4 g4 71. fxg4 Bxe4 72. Kb5 Bg6 73. Kc6 Ke7 74. Kc7 $2 (74. Kb6 $18 f5 75. Kxa5) 74... Bh7 $2 (74... e4 $14) 75. Be2 e4 76. Kc6 $2 ({Only move:} 76. Kb6 $18 Bg6 77. Kxa5) 76... f5 $2 {[%emt 0:01:56][%mdl 8192] [#]} (76... e3 $1 $14) 77. gxf5 $2 (77. g5 $1 $18 {aiming for Bh5.} f4 78. Bh5) 77... Bxf5 $14 78. Kc7 e3 79. Kc6 Bc2 80. Kc7 (80. Kb6 $14) 80... Bh7 (80... Bxb3 81. h7 Kf7 82. h8=Q) (80... Bf5 $1 $11) 81. Kc6 Bc2 82. Kc7 ({Better is} 82. Kb5 $14 Kf6 83. Kxa5) 82... Bh7 {[%emt 0:00:43] Black defended with fortune.  Weighted Error Value: White=0.05 (flawless) /Black=0.04 (flawless)} (82... Bxb3 83. h7 Kf7 84. h8=Q) (82... Bf5 $11) 1/2-1/2

[Event "3rd Tal Heraklion-IM 2022"]
[Site "Heraklion"]
[Date "2022.05.03"]
[Round "8.4"]
[White "Rakshitta Ravi"]
[Black "Peng, Li Min"]
[Result "0-1"]
[ECO "A30"]
[WhiteElo "2240"]
[BlackElo "2517"]
[Annotator "TA"]
[PlyCount "76"]
[EventDate "2022.04.18"]
[EventType "tourn"]
[EventCountry "GRE"]
[SourceTitle "playchess.com"]
[Source "ChessBase"]
[SourceQuality "1"]
[TimeControl "40/5400+30:1800+30"]

1. Nf3 c5 2. g3 Nf6 3. c4 b6 4. Bg2 Bb7 5. O-O g6 6. Nc3 Bg7 7. d4 cxd4 8. Qxd4 d6 9. Rd1 Nbd7 10. h3 {[%emt 0:07:26] A30: Symmetrical English: Double Fianchetto and Hedgehog.} Rc8 {[%emt 0:00:30] [#]} 11. Rb1 $146 ({Predecessor:} 11. Be3 Nh5 12. Qh4 h6 13. Nd5 Ndf6 14. Nxf6+ Bxf6 15. Qg4 Bxb2 16. Rab1 Ba3 17. Qh4 Bc5 {½-½ (48) Gomes,M (2298)-Swati,G (2320) New Delhi 2008}) 11... a6 12. Be3 {[%emt 0:03:25] The position is equal.} Kf8 13. Rbc1 Kg8 14. Qd3 {[%emt 0:11:27] Inhibits Nd5.} h6 15. b3 Kh7 {[%emt 0:00:02] [#]} 16. Ng5+ $1 hxg5 17. Bxb7 Nc5 18. Bxc5 Rxc5 19. Bg2 (19. b4 $5 Re5 20. g4 $16 (20. Bxa6 Kg8 $14)) 19... Qc7 (19... Qb8 $14) 20. b4 Re5 (20... Rxc4 $2 21. Nd5 $1 Rxc1 22. Nxc7 Rxc7 23. Qxa6 $18) 21. Nd5 Qb8 22. e3 a5 23. f4 Re6 24. a3 axb4 25. axb4 gxf4 26. exf4 ({But not} 26. Nxf4 Re5 $14) 26... Rc8 27. Re1 (27. Nc3 $16) 27... Rxe1+ 28. Rxe1 Nxd5 29. Qxd5 (29. Bxd5 $11 e6 30. Bxe6 fxe6 31. Rxe6) 29... e6 $17 30. Qb5 Qc7 31. Bf1 (31. Rd1 $17) 31... d5 $19 32. Rc1 {[%emt 0:01:25] [#]} ({Don't go for} 32. cxd5 $2 Qc3 33. Rd1 Qe3+ 34. Kh2 Rc2+ 35. Bg2 Qf3 $19) 32... Qa7 $1 {[%emt 0:00:07] White must now prevent ...Qa3.} 33. Rd1 $2 (33. Rc2) 33... Qa3 34. Rd3 (34. Kh2) 34... Qa1 {[%emt 0:00:02] aiming for ...Bd4+.} 35. cxd5 Bd4+ 36. Kg2 Rc2+ {[%emt 0:00:02] Black mates.} 37. Kf3 Qxf1+ 38. Kg4 Qe2+ {[%emt 0:00:06] Weighted Error Value: White=0.71/Black=0.20 (precise)} 0-1

[Event "3rd Tal Heraklion-IM 2022"]
[Site "Heraklion"]
[Date "2022.05.03"]
[Round "8.5"]
[White "Bracker, Arne"]
[Black "Langrock, Hannes"]
[Result "1/2-1/2"]
[ECO "B47"]
[WhiteElo "2276"]
[BlackElo "2351"]
[Annotator "TA RC"]
[PlyCount "99"]
[EventDate "2022.04.18"]
[EventType "tourn"]
[EventCountry "GRE"]
[SourceTitle "playchess.com"]
[Source "ChessBase"]
[SourceQuality "1"]
[TimeControl "40/5400+30:1800+30"]

1. e4 c5 2. Nf3 e6 3. d4 cxd4 4. Nxd4 Nc6 5. Nc3 Qc7 6. Be2 a6 7. Nxc6 {[%emt 0:00:45] B47: Sicilian: Taimanov: 5 Nc3 Qc7 6 f4, 6 g3 and 6 Be2.} bxc6 8. Qd3 $1 {[%emt 0:00:17][%mdl 4] is more profitable than 8.0-0 at the moment.} Nf6 9. Qg3 {[%emt 0:01:33] White has an edge.} Qxg3 10. hxg3 d5 11. exd5 cxd5 12. Bf4 {[%emt 0:00:24] [#] Prevents Rb8.} Bb7 $146 ({Predecessor:} 12... Bb4 13. Be5 Ke7 14. g4 Bb7 15. a3 Bd6 16. Bxd6+ Kxd6 17. g5 Nd7 18. O-O-O h6 19. gxh6 Rxh6 20. Rxh6 gxh6 {1-0 (50) Firouzja,A (2770)-Mastrovasilis,D (2619) Terme Catez 2021}) 13. O-O-O Bc5 14. f3 Ke7 15. Na4 Ba7 16. Bd2 Rhc8 17. Rh4 d4 18. Kb1 Nd5 19. c4 (19. b3 $5 ) 19... Ne3 (19... dxc3 $5 20. Nxc3 Ne3 $11) 20. Bxe3 dxe3 21. Rxh7 Rd8 {[%emt 0:00:37] And now ...Rxd1+ would win.} 22. Rhh1 ({Avoid the trap} 22. Rxg7 $2 Rxd1+ 23. Bxd1 Rd8 $19) 22... Bc6 23. Nc3 f5 (23... a5 $11) 24. b4 $1 $14 e5 25. Rxd8 (25. Kc2 {looks sharper.} Bd4 26. Kb3 Rac8 27. Rc1) 25... Rxd8 26. Rd1 {[%emt 0:00:10] Hoping for Rxd8.} Rd4 ({Black should play} 26... Rh8 $14) 27. Nd5+ ({Better is} 27. Kc2 $16) 27... Bxd5 $11 28. Rxd4 Bxd4 29. cxd5 {[%emt 0:00:17][%mdl 4096] Endgame KB-KB} Bc3 $1 30. a3 a5 31. bxa5 Bxa5 32. Kc2 Kd6 33. Kd3 Kxd5 34. Kxe3 f4+ 35. gxf4 {[%emt 0:00:40] White is slightly better.} Bb6+ 36. Kd3 {[%emt 0:00:16] fxe5 is the strong threat.} exf4 37. Bd1 g5 38. Bb3+ Kc5 39. Be6 Kb5 40. Bd7+ Ka5 41. Ke4 Bf2 42. Kf5 Bh4 43. Kg6 Kb6 44. Kh5 Ka5 45. Bc6 Kb6 46. Bd5 Ka5 47. Bb3 Kb5 48. Bd1 Ka5 49. Kg4 Kb5 50. Bb3 {[%emt 0:01:41] Weighted Error Value: White=0.05 (flawless) /Black=0.07 (flawless)} 1/2-1/2

[Event "3rd Tal Heraklion-IM 2022"]
[Site "Heraklion"]
[Date "2022.05.04"]
[Round "9.1"]
[White "Langrock, Hannes"]
[Black "Kotsinis, Alexandros"]
[Result "1-0"]
[ECO "E01"]
[WhiteElo "2351"]
[BlackElo "2055"]
[Annotator "TA"]
[PlyCount "81"]
[EventDate "2022.04.18"]
[EventType "tourn"]
[EventCountry "GRE"]
[SourceTitle "playchess.com"]
[Source "ChessBase"]
[SourceQuality "1"]
[TimeControl "40/5400+30:1800+30"]

1. d4 d5 2. c4 e6 3. Nf3 Nf6 4. g3 h6 5. Bg2 Bd6 6. O-O {[%emt 0:00:40] E01: Catalan: Early deviations.} O-O 7. Nc3 Nc6 8. b3 {[%emt 0:00:33][%cal Bb2b3,Bb3c4,Bc4c5][%mdl 32] White is slightly better.} dxc4 9. bxc4 e5 10. Rb1 {[%emt 0:00:40] [#]} Rb8 $146 (10... Nxd4 $11 11. Nxd4 exd4 12. Qxd4 Re8) ({Predecessor:} 10... exd4 11. Nxd4 Nxd4 12. Qxd4 Re8 13. Be3 Qe7 14. Nb5 Be5 15. Qc5 Qxc5 16. Bxc5 Bf5 {½-½ (45) Abdusattorov,N (2651)-Artemiev,V (2700) chess24.com INT 2022}) 11. c5 exd4 12. Nxd4 Nxd4 13. Qxd4 Be7 14. Qxd8 {[%emt 0:00:40] White is much more active. The black rooks are badly placed.} Rxd8 15. Bf4 Ne8 16. c6 g5 {[%emt 0:03:36] [#]} 17. cxb7 $1 Bxb7 18. Bxb7 gxf4 19. Nd5 Bd6 20. gxf4 ({Much less strong is} 20. Nxf4 Bxf4 21. gxf4 Rd2 $14) 20... Kg7 21. Kh1 f5 (21... Bc5 $142) 22. Rb3 Kf7 23. Rfb1 Bc5 24. Ne3 Kf6 25. Bc6 ({White should play} 25. Rc1 $18 Bxe3 26. fxe3) 25... Rxb3 $16 26. Rxb3 Kg6 (26... Ng7 $16 {was called for.}) 27. Kg2 Nf6 {[%emt 0:00:41] [#]} (27... Bd6 $142 28. Kf3 Ng7) 28. Nxf5 $1 $18 Rd2 {[%emt 0:06:36] [#]} (28... Bxf2 29. Ne7+) 29. Rb5 $1 Bb6 30. Kf3 Rxa2 31. h4 h5 32. Ng3 Rc2 33. Rg5+ Kf7 34. Ba4 Rc3+ 35. e3 Ra3 36. Bb5 a5 37. Bc4+ ({Don't do} 37. Nxh5 Nxh5 38. Rxh5 Rc3 39. Rh7+ Kg8) 37... Ke7 (37... Ke8 $142 38. Nxh5 Nxh5 39. Rxh5 Rc3) 38. Nf5+ {[%emt 0:01:34] White is clearly winning.} Kd7 39. Rg7+ Kd8 40. Rg6 Rc3 41. Be6 {[%emt 0:04:34] Weighted Error Value: White=0.05 (flawless) /Black=0.29 (precise)} ({Weaker is} 41. Rxf6 Rxc4 42. Rf8+ Kd7 $16) 1-0

[Event "3rd Tal Heraklion-IM 2022"]
[Site "Heraklion"]
[Date "2022.05.04"]
[Round "9.2"]
[White "Peng, Li Min"]
[Black "Bracker, Arne"]
[Result "1-0"]
[ECO "E24"]
[WhiteElo "2517"]
[BlackElo "2276"]
[Annotator "TA"]
[PlyCount "49"]
[EventDate "2022.04.18"]
[EventType "tourn"]
[EventCountry "GRE"]
[SourceTitle "playchess.com"]
[Source "ChessBase"]
[SourceQuality "1"]
[TimeControl "40/5400+30:1800+30"]

1. d4 Nf6 2. c4 e6 3. Nc3 Bb4 4. a3 Bxc3+ 5. bxc3 b6 6. f3 Nc6 {[%emt 0:00:24] E24: Nimzo-Indian: Sämisch: Unusual Black 5th moves and 5...c5 sidelines.} 7. e4 Na5 8. Bd3 Ba6 {[%emt 0:00:26] Black has an edge.} 9. Qe2 c5 {[%emt 0:00:18] [#]} 10. Nh3 $146 ({Predecessor:} 10. e5 Ng8 11. Be3 cxd4 12. cxd4 Rc8 13. Rc1 d5 14. exd6 Qxd6 15. c5 Bxd3 16. Qxd3 {0-1 (71) Sethuraman,S (2619)-Harsha,B (2499) New Delhi 2022}) 10... cxd4 11. cxd4 Rc8 12. e5 Ng8 13. O-O Bxc4 14. Ng5 ({Better is} 14. Bg5 Ne7 15. Rac1) 14... Ne7 (14... d5 $1 $17 {...h6 is the strong threat.} 15. exd6 Qxd6) 15. Bd2 (15. Ne4 $1 $11 O-O 16. Bg5) 15... Nd5 (15... d5 $1 $17 16. Bxa5 bxa5) 16. f4 ({White should try} 16. Ne4 $15 O-O 17. Nd6) 16... Nb3 $2 17. f5 $2 (17. Qh5 $2 g6 18. Qe2 Bxd3 19. Qxd3 Nxa1 $19) (17. Bxc4 $14 {keeps the upper hand.} Rxc4 18. f5 (18. Qxc4 Nxd2 19. Qd3 Nxf1 $17) 18... Nxd2 19. Qxd2 Rxd4 20. Qxd4 Qxg5 21. Rf3) 17... Nxd2 $19 {[%emt 0:17:36] Pair of Knights!} (17... Nxa1 18. Bxc4 Rxc4 19. fxe6 fxe6 20. Nf7 $18) 18. Qh5 (18. Nxf7 Kxf7 19. fxe6+ Kg8 20. Qf2) 18... Qe7 $1 19. fxe6 Nxf1 (19... Bxd3 20. Rxf7 Bg6 21. Rxe7+ Kxe7 22. Qh4 dxe6 23. Nf3+ Kd7 24. Nxd2 $14) 20. Bxc4 Rxc4 21. Rxf1 g6 $2 (21... dxe6 $19 22. Rxf7 Rc1+ 23. Kf2 Rf8 24. Rxf8+ Kxf8 25. Nxh7+ Kg8) 22. exf7+ $15 Kd8 23. Qh6 ({White has to play} 23. Qf3 $15 Rxd4 24. f8=Q+ Rxf8 25. Qxf8+ Qxf8 26. Rxf8+ Kc7 27. Rf7 Rd1+ 28. Kf2) 23... Rf8 $19 ({Weaker is} 23... Qxa3 24. Nxh7 Kc7 25. f8=Q Rxf8 26. Nxf8 $17) 24. e6 dxe6 $4 {[%emt 0:04:37][%mdl 8192] [#]} ({Don't do} 24... Rxd4 25. Nxh7 Nf4 26. Nxf8 $18) (24... Nf6 $19 25. Qg7 {[#]} (25. Rxf6 $2 Qxf6 26. Qxf8+ Kc7 $19) 25... Rxd4 $1 26. Nxh7 Nxh7 $1 27. Qxd4 Ng5) 25. Nxe6+ $1 {[%emt 0:07:53][%mdl 512] Weighted Error Value: White=1.05/Black=0.56} 1-0

[Event "3rd Tal Heraklion-IM 2022"]
[Site "Heraklion"]
[Date "2022.05.04"]
[Round "9.3"]
[White "Milonakis, Georgios"]
[Black "Rakshitta Ravi"]
[Result "1/2-1/2"]
[ECO "D02"]
[WhiteElo "2215"]
[BlackElo "2240"]
[Annotator "TA"]
[PlyCount "91"]
[EventDate "2022.04.18"]
[EventType "tourn"]
[EventCountry "GRE"]
[SourceTitle "playchess.com"]
[Source "ChessBase"]
[SourceQuality "1"]
[TimeControl "40/5400+30:1800+30"]

1. Nf3 Nf6 2. d4 d5 3. g3 e6 4. Bg2 Be7 5. O-O O-O 6. Nbd2 (6. c4 $5) 6... b5 {[%emt 0:00:42] D02: 1 d4 d5 2 Nf3 sidelines, including 2...Nf6 3 g3 and 2...Nf6 3 Bf4.} 7. Nb3 {[%emt 0:00:26] [#]} a5 $146 ({Predecessor:} 7... Nbd7 8. Na5 Bd6 9. Nc6 Qe8 10. Nfe5 Ne4 11. Nxd7 Bxd7 12. Ne5 Bc8 13. c4 bxc4 14. Nxc4 {0-1 (52) Raasch,J (2298)-Van den Doel,E (2573) Germany 2011}) 8. a4 b4 9. Ne5 Bb7 10. c4 bxc3 11. bxc3 Nbd7 12. Nxd7 Nxd7 13. c4 Nb6 14. cxd5 Bxd5 15. Qc2 Rb8 (15... Bxg2 $11 16. Kxg2 Bb4) 16. e3 Bxg2 17. Kxg2 Qd7 18. Bd2 Nxa4 19. Nxa5 Rb2 {[%emt 0:03:03] [#]} 20. Qc6 Nb6 21. Qxd7 Nxd7 22. Nc6 Bd6 23. Ba5 Nb8 24. Nxb8 Rfxb8 {[%emt 0:00:06] The position is equal.} 25. Rfc1 Ra8 26. Kf3 f6 27. Be1 Raa2 28. Rxa2 Rxa2 $11 {[%emt 0:00:07][%mdl 4096] Endgame KRB-KRB} 29. Rc4 Kf7 30. h4 h5 31. e4 Ra3+ 32. Ke2 Ke8 33. e5 fxe5 34. dxe5 Bxe5 35. Rc5 Bd4 36. Rxc7 Ra7 37. Rc4 Bf6 38. Bd2 Kf7 39. Rc5 g6 40. Be3 Rd7 41. Rc8 Bd4 42. f3 Bxe3 43. Kxe3 Ra7 44. g4 hxg4 45. fxg4 Kf6 46. Rc5 {[%emt 0:02:41] Weighted Error Value: White=0.03 (flawless) /Black=0.03 (flawless)} 1/2-1/2

[Event "3rd Tal Heraklion-IM 2022"]
[Site "Heraklion"]
[Date "2022.05.04"]
[Round "9.4"]
[White "Lirindzakis, Timotheos"]
[Black "Cmiel, Thorsten"]
[Result "1-0"]
[ECO "D37"]
[WhiteElo "2164"]
[BlackElo "2079"]
[Annotator "TA"]
[PlyCount "73"]
[EventDate "2022.04.18"]
[EventType "tourn"]
[EventCountry "GRE"]
[SourceTitle "playchess.com"]
[Source "ChessBase"]
[SourceQuality "1"]
[TimeControl "40/5400+30:1800+30"]

1. Nf3 d5 2. d4 e6 3. c4 Nf6 4. Nc3 a6 5. cxd5 exd5 6. Bg5 {[%emt 0:00:18] D37: Queen's Gambit Declined: 5 Bf4.} Be6 7. e3 Nbd7 8. Bd3 {[%emt 0:00:40] White has an edge.} Bd6 9. O-O c6 {[%emt 0:00:14] 9...c6 is better than 9...0-0.} 10. Bf4 Qc7 11. Qd2 O-O 12. b4 {[%emt 0:04:50] [#]} h6 $146 ({Predecessor:} 12... Bg4 13. Bg3 Nh5 14. Qc2 Nxg3 15. Bxh7+ Kh8 16. fxg3 Nf6 17. Bf5 Qe7 18. Rae1 Bxf5 19. Qxf5 Bxb4 {½-½ (35) Sakline Mostafa,S (2005)-Mohammad Fahad,R (2412) Dhaka 2022}) 13. Na4 Bg4 14. Nh4 b5 (14... Bxf4 $15 15. exf4 Ne4 16. Bxe4 dxe4) 15. Bxd6 $14 Qxd6 16. Nc5 Nb6 17. h3 Bd7 18. a4 {[%emt 0:02:20] White is more active.} Rfe8 19. Qc2 Nc4 20. Ra2 g5 (20... Qe7 $142) 21. Nf5 Bxf5 22. Bxf5 h5 (22... Re7 $16 {was worth a try.}) 23. Rfa1 $18 Rad8 $2 (23... Nb6 24. axb5 axb5 25. Rxa8 Rxa8 26. Rxa8+ Nxa8) 24. Nb7 Qxb4 25. Nxd8 Rxd8 26. axb5 axb5 27. Ra8 (27. Ra7 $142 Qd6 {[#]} 28. Bg6 $1 ) 27... Rxa8 28. Rxa8+ Kg7 {[%emt 0:00:01] [#] White must now prevent ...Qe1+.} 29. Qc1 {[%emt 0:05:34] Prevents Qe1+.} Ne4 $2 {[%emt 0:01:05][%mdl 8192] This costs Black the game.} (29... Qe7 $16 {is a better chance.} 30. Qa1 Qb4) 30. Bxe4 dxe4 {[%emt 0:00:01][%mdl 4096] Endgame KQR-KQN} 31. Qd1 h4 32. Qg4 (32. Qh5 $142 Qe1+ 33. Kh2 Qxf2 34. Qxg5+ Kh7 35. Qg8+ Kh6 36. Qh8+ Kg6 37. Rg8+ Kf5 38. Rg4) 32... Qe1+ 33. Kh2 Kf6 34. Rg8 {[%emt 0:03:40] White mates.} Qxf2 35. Qxg5+ Ke6 36. Re8+ Kd6 37. Qd8# {[%emt 0:00:38] Weighted Error Value: White=0.31/Black=0.67} 1-0